 Dungeon Crawl Stone Soup version 0.25-a0-578-gc91f01c39c (webtiles) character file.

Game seed: 4373209056288150458, levelgen mode: deterministic

168 Roikka the Grave Robber (level 5, -1/35 HPs)
             Began as a Human Necromancer on Mar 5, 2020.
             Slain by a bullfrog (7 damage)
             ... in a sewer.
             The game lasted 00:09:40 (2485 turns).

Roikka the Grave Robber (Human Necromancer)         Turns: 2485, Time: 00:09:41

Health: -1/35      AC:  2    Str:  9    XL:     5   Next: 77%
Magic:  1/10       EV: 13    Int: 16    God:
Gold:   95         SH:  0    Dex: 13    Spells: 3/11 levels left

rFire    . . .     SeeInvis .   q - +1 short sword (flame)
rCold    . . .     Gourm    .   (no shield)
rNeg     . . .     Faith    .   a - +0 robe
rPois    +         Spirit   .   (no helmet)
rElec    .         Reflect  .   (no cloak)
rCorr    .         Harm     .   (no gloves)
MR       .....                  (no boots)
Stlth    +.........             (no amulet)
HPRegen  0.11/turn              g - ring of poison resistance
MPRegen  0.12/turn              k - ring of wizardry

@: stab, very slow
A: no striking features
a: no special abilities


You were in a sewer.
You were not hungry.

You visited 1 branch of the dungeon, and saw 3 of its levels.
You also visited: Sewer.

You collected 95 gold pieces.

Inventory:

Hand Weapons
 q - a +1 short sword of flaming (weapon)
Missiles
 b - a throwing net
 e - 3 boomerangs (quivered)
 h - 2 silver boomerangs
Armour
 a - a +0 robe (worn)
Jewellery
 g - a ring of poison resistance (left hand)
 k - a ring of wizardry (right hand)
Scrolls
 j - a scroll of amnesia
 o - 5 scrolls of identify
Potions
 f - a potion of curing
 i - a potion of cancellation
 n - a potion of degeneration {unknown}
Comestibles
 c - 7 rations
 p - 4 chunks of flesh


   Skills:
 + Level 3.0 Dodging
 - Level 2.0 Stealth
 * Level 3.5 Spellcasting
 * Level 5.1 Necromancy


You had 3 spell levels left.
You knew the following spells:

 Your Spells              Type           Power        Failure   Level  Hunger
a - Pain                  Necr           ###.         1%          1    None
b - Vampiric Draining     Necr           ###.......   2%          3    ###....
c - Animate Dead          Necr           N/A          9%          4    ####...

Your spell library contained the following spells:

 Spells                   Type           Power        Failure   Level  Hunger
 Animate Skeleton         Necr           N/A          1%          1    None
 Agony                    Necr           ###.....     24%         5    ######.


Dungeon Overview and Level Annotations

Branches:
Dungeon (3/15)              Sewer (1/1)

Altars:
Fedhas
Okawaru
Yredelemnul


Message History

Confirm with . or Enter, or press ? or * to list all spells.
Aiming: Vampiric Draining (safe; 2% risk of failure)
Press: ? - help, Shift-Dir - straight line, f - bullfrog
Aim: a bullfrog (water)
The bullfrog is moderately wounded.
You feel life coursing into your body. The bullfrog hits you.
The bullfrog barely misses you.
You aren't carrying any items that you can evoke.
Okay, then.
You hit the bullfrog but do no damage.
The bullfrog is moderately wounded.
The bullfrog hits you!
* * * LOW HITPOINT WARNING * * *
The bullfrog hits you!
* * * LOW HITPOINT WARNING * * *
You feel better. The bullfrog barely misses you.
It was a potion of stabbing.
You feel ready to backstab. The bullfrog hits you!
You die...

#.# ≈≈≈.(≈≈≈≈≈≈≈≈≈.# #.#
#.# ≈≈≈≈.!:?≈≈≈≈≈≈≈≈.#
#∩# #.#
#≈≈≈≈≈.)≈≈≈≈≈≈≈≈≈.# #.#
#.# #≈≈≈≈≈.≈≈≈≈≈≈≈≈≈≈.#
### #.#
#≈≈≈≈≈...≈≈≈≈≈≈≈≈.# #≈#
#≈≈≈.≈..≈≈≈≈≈≈≈≈.# #≈#
#≈≈∩..≈≈≈≈≈≈≈≈≈≈.# #≈#
#≈≈≈≈≈≈≈≈≈≈≈≈≈≈≈.# #≈#
#≈≈≈≈F@≈≈≈≈≈≈≈≈.# #.#
#≈≈≈≈≈≈≈≈≈≈≈≈≈≈.# #≈#
##≈≈≈≈≈≈≈≈≈.≈≈≈.#
#≈########≈≈≈≈≈≈≈≈.≈≈≈.#
#≈.≈≈.≈≈≈≈≈≈≈≈≈≈..≈≈≈≈.#
#.≈≈≈≈≈≈≈≈≈≈≈≈≈≈≈≈≈≈≈≈.#
#.≈≈≈≈≈≈≈≈≈≈≈≈≈≈≈≈≈≈≈≈.#
#.≈≈≈≈≈≈≈≈≈≈≈≈≈≈≈≈≈≈≈..#
#........≈≈≈≈≈≈≈≈.....##


You could see a bullfrog.

Vanquished Creatures
  A bullfrog (Sewer)
  3 adders
  An ooze (D:2)
  A worm (D:3)
  A dart slug (D:1)
  2 leopard geckos
  2 orcs (D:3)
  3 ball pythons (Sewer)
  10 bats
  9 giant cockroaches
  8 goblins
  7 hobgoblins
  4 kobolds
  9 frilled lizards
  2 rats (D:1)
  A spectral orc (D:2)
64 creatures vanquished.

Notes
Turn   | Place    | Note
-------+----------+-------------------------------------------
     0 | D:1      | Roikka the Human Necromancer began the quest for the Orb.
     0 | D:1      | Reached XP level 1. HP: 13/13 MP: 3/3
   180 | D:1      | Reached XP level 2. HP: 19/19 MP: 3/5
   504 | D:1      | Reached XP level 3. HP: 22/24 MP: 2/6
   932 | D:1      | Learned a level 3 spell: Vampiric Draining
  1414 | D:2      | Found an iron altar of Okawaru.
  1429 | D:2      | Found a faded altar of an unknown god.
  1684 | D:2      | Found a basalt altar of Yredelemnul.
  1696 | D:2      | Reached XP level 4. HP: 14/30 MP: 8/8
  1857 | D:2      | Found a blossoming altar of Fedhas.
  1903 | D:2      | Learned a level 4 spell: Animate Dead
  2057 | D:3      | Found a glowing drain.
  2104 | Sewer    | Entered a sewer
  2225 | Sewer    | Reached XP level 5. HP: 28/35 MP: 5/9
  2474 | Sewer    | Noticed a bullfrog
  2476 | Sewer    | Noticed a bullfrog
  2481 | Sewer    | Killed a bullfrog
  2481 | Sewer    | Reached skill level 5 in Necromancy
  2483 | Sewer    | HP: 1/35 [bullfrog (8)]
  2485 | Sewer    | Slain by a bullfrog

Levels and vault maps discovered:
D:1:      dpeg_arrival_morbid_curiosity, layout_basic
D:2:      layout_basic, old_standard_altar, old_standard_altar,
          yredelemnul_forgotten_temple_becter, chequers_ecumenical_altar_simple
D:3:      layout_basic, lemuel_round_altar, lemuel_crystal_altar,
          cheibrodos_sewer_entry_bend, ashenzari_altar_1
Sewer:    sewer_frog_island_01

Skill      XL: |  1  2  3  4  5 |
---------------+----------------+-----
Spellcasting   | 3 |  3.5
Dodging        | 3 |  3.0
Necromancy     | 5 |  5.1
Stealth        | |  2.0

Action                   |  1- 3 |  4- 6 || total
-------------------------+-------+-------++-------
Melee: Mace              |    18 |     5 ||    23
       Short sword       |       |    34 ||    34
Throw: Boomerang         |    21 |     5 ||    26
 Cast: Pain              |    49 |    43 ||    92
       Vampiric Draining |     1 |     1 ||     2
  Use: Scroll            |     6 |     1 ||     7
       Potion            |     1 |     2 ||     3
 Stab: Sleeping          |       |     1 ||     1
  Eat: Chunk             |     2 |     4 ||     6
Armor: Robe              |     5 |    10 ||    15
Dodge: Dodged            |    22 |    46 ||    68

Table legend:
 A = Non-vault XP
 B = Vault XP
 C = Vault XP percentage of total XP
 D = Non-vault monster count
 E = Vault monster count
 F = Vault count percentage of total count
                 A         B        C        D         E       F
            +---------+---------+-------+---------+---------+-------
      Total |     100 |     140 |  58.3 |      41 |      23 |  35.9
            +---------+---------+-------+---------+---------+-------
        D:1 |      41 |       9 |  18.0 |      23 |       5 |  17.9
        D:2 |      46 |       1 |   2.1 |      10 |       1 |   9.1
        D:3 |      13 |       5 |  27.8 |       8 |       1 |  11.1
      Sewer |       0 |     125 | 100.0 |       0 |      16 | 100.0
            +---------+---------+-------+---------+---------+-------
